 Dungeon Crawl Stone Soup version 0.26-a0-712-ga5a9c9c9d0 (webtiles) character file.

Game seed: 18436299031653922745

51 Azzok the Chopper (level 3, 0/29 HPs)
             Began as a Demonspawn Berserker on Nov 7, 2020.
             Was a Follower of Trog.
             Slain by Terence
             ... wielding a +0 trident
              (1 damage)
             ... on level 2 of the Dungeon.
             The game lasted 00:01:33 (1337 turns).

Azzok the Chopper (Demonspawn Berserker)            Turns: 1337, Time: 00:01:33

Health: 0/29       AC:  5    Str: 18    XL:     3   Next: 57%
Magic:  3/3        EV: 11    Int:  8    God:    Trog [*.....]
Gold:   54         SH:  0    Dex: 12    Spells: 2/2 levels left

rFire    . . .     SeeInvis .   f - -2 spear (curse)
rCold    . . .     Faith    .   (no shield)
rNeg     . . .     Spirit   .   c - +0 ring mail
rPois    .         Reflect  .   (helmet restricted)
rElec    .         Harm     .   (no cloak)
rCorr    .         Rampage  .   (no gloves)
MR       .....                  (no boots)
Stlth    +.........             (no amulet)
HPRegen  0.09/turn              (no ring)
MPRegen  0.08/turn              (no ring)

@: berserk cooldown, slowed, very slow
A: antennae 1
a: Berserk, Renounce Religion


You were on level 2 of the Dungeon.
You worshipped Trog.
Trog was aware of your devotion.
You visited 1 branch of the dungeon, and saw 2 of its levels.

You collected 54 gold pieces.

Inventory:

Hand Weapons
 a - a +0 hand axe
 f - a cursed -2 spear (weapon)
Armour
 b - a +0 animal skin
 c - a +0 ring mail (worn)
Potions
 d - a potion of flight
 e - a potion of heal wounds {unknown}
 g - a potion of curing
 h - a potion of degeneration {unknown}


   Skills:
 + Level 3.3 Fighting
 * Level 3.3 Axes
 + Level 2.2 Armour
 + Level 2.2 Dodging


You had 2 spell levels left.
You didn't know any spells.
Your spell library was empty.

Dungeon Overview and Level Annotations

Branches:
Dungeon (2/15)

Altars:

Annotations:
D:2 Terence


Innate Abilities, Weirdness & Mutations

You have a pair of small antennae on your head.


Message History

Terence is heavily wounded.
Terence barely misses you.
You barely miss Terence.
Terence is heavily wounded.
You are no longer berserk.
You are exhausted.
You feel yourself slow down. Terence hits you but does no damage.
You hit Terence.
Terence is severely wounded.
Terence closely misses you.
You barely miss Terence.
Terence is severely wounded.
Terence hits you with a +0 trident.
* * * LOW HITPOINT WARNING * * *
You hit Terence.
Terence is severely wounded.
Terence hits you with a +0 trident.
* * * LOW HITPOINT WARNING * * *
Terence hits you with a +0 trident.
You die...

▒······▒
▒▒······▒
·$·······
▒····?·▒ ▒······▒
▒····)▒ ▒····w▒
▒·▒▒▒@▒ ▒···▒▒@▒
·······▒·▒·▒·▒·▒
▒·▒·····▒▒·▒▒··▒
▒·······▒▒·▒▒▒·▒
▒··············▒
▒·······▒▒·▒▒▒·▒
▒▒▒▒·····▒▒·▒▒·▒▒
········▒·▒·▒·▒▒
▒········▒▒


You could see Terence and a worm.

Vanquished Creatures
  An adder (D:2)
  A gnoll (D:1)
  A worm (D:2)
  3 dart slugs (D:1)
  2 goblins (D:1)
  3 hobgoblins
  4 jackals (D:1)
  A quokka (D:2)
  3 bats
  A frilled lizard (D:1)
  2 kobolds (D:1)
  2 rats (D:1)
24 creatures vanquished.

Notes
Turn   | Place    | Note
-------+----------+-------------------------------------------
     0 | D:1      | Azzok the Demonspawn Berserker began the quest for the Orb.
     0 | D:1      | Reached XP level 1. HP: 18/18 MP: 1/1
   156 | D:1      | Gained mutation: You have a pair of small antennae on your
                  | head. [demonic ancestry]
   156 | D:1      | Reached XP level 2. HP: 16/24 MP: 2/2
   884 | D:1      | Reached XP level 3. HP: 29/29 MP: 3/3
  1306 | D:2      | Noticed Terence
  1337 | D:2      | HP: 1/29 [Terence/+0 trident (5)]
  1337 | D:2      | Slain by Terence

Illustrated notes

Levels and vault maps discovered:
D:1:      wander_arrival_desolate, layout_basic
D:2:      layout_loops_ring, old_standard_altar, cheibriados_altar_1,
          uniq_terence

Skill      XL: |  1  2 |
---------------+-------+-----
Axes           | 3 |  3.3
Armour         | 2 |  2.2
Dodging        | 2 |  2.2
Fighting       | |  3.3

Action                   || total
-------------------------++-------
Melee: Hand axe          ||    50
       Spear             ||    66
Invok: Berserk           ||     3
  Use: Scroll            ||     3
Armor: Ring mail         ||    51
Dodge: Dodged            ||    79

Table legend: (Time is in decaauts)
 A = Elapsed time spent in this place.
 B = Non-inter-level travel time spent in this place.
 C = Inter-level travel time spent in this place.
 D = Time resting spent in this place.
 E = Time spent auto-exploring this place.
 F = Levels seen in this place.
 G = Mean time per level.
                   A        B        C        D        E       F      G
               +--------+--------+--------+--------+--------+-----+--------+
         Total |   1350 |   1334 |     16 |     75 |    998 |   2 |  675.0 |
       Dungeon |   1350 |   1334 |     16 |     75 |    998 |   2 |  675.0 |
               +--------+--------+--------+--------+--------+-----+--------+

Top non-repeatable levels by time:
     D:1: 1120 daAuts
     D:2: 229 daAuts
